 Dungeon Crawl Stone Soup version 0.21.1-1-g345015f (webtiles) character file.

2477 VLARC the Summoner (level 9, -3/109 HPs)
             Began as a Pale Draconian Summoner on Mar 20, 2018.
             Was a High Priest of Okawaru.
             Slain by Pikel
             ... wielding a +2 whip of electrocution
              (19 damage)
             ... on level 9 of the Dungeon.
             The game lasted 00:19:54 (8659 turns).

VLARC the Summoner (Pale Draconian Summoner)        Turns: 8659, Time: 00:19:55

Health: -3/109     AC:  7    Str: 16    XL:     9   Next: 27%
Magic:  11/15      EV: 12    Int: 25    God:    Okawaru [*****.]
Gold:   393        SH:  5    Dex: 13    Spells: 8/16 levels left

rFire    . . .     SeeInvis .   y - +0 flail (drain)
rCold    . . .     Gourm    .   D - +0 buckler
rNeg     . . .     Faith    .   (armour unavailable)
rPois    .         Spirit   .   (helmet restricted)
rElec    .         Reflect  .   (no cloak)
rCorr    .         Harm     .   (no gloves)
MR       .....                  (no boots)
Stlth    ..........             (no amulet)
HPRegen  0.28/turn              c - +6 ring of intelligence
MPRegen  0.14/turn              C - +2 ring of dexterity

@: berserking, very quick
A: breathe steam, unfitting armour, cold-blooded, AC +7
a: Breathe Steam, Heroism, Finesse, Renounce Religion


You were on level 9 of the Dungeon.
You worshipped Okawaru.
Okawaru was extremely pleased with you.
You were near starving.

You visited 1 branch of the dungeon, and saw 9 of its levels.

You collected 651 gold pieces.
You spent 258 gold pieces at shops.

Inventory:

Hand Weapons
 g - a +0 whip
 j - a +0 rapier
 k - a +0 short sword of venom
 y - a +0 flail of draining (weapon)
 B - a +1 long sword of holy wrath
Armour
 D - a +0 buckler (worn)
Jewellery
 c - a +6 ring of intelligence (left hand)
 C - a +2 ring of dexterity (right hand)
Wands
 p - a wand of iceblast (9)
 w - a wand of clouds (4)
Scrolls
 b - 11 scrolls of enchant armour
 h - 8 scrolls of remove curse
 l - 11 scrolls of identify
 n - a scroll of magic mapping
 q - a scroll of vulnerability {unknown}
 r - 3 scrolls of teleportation
 s - 3 scrolls of fear
 t - a scroll of blinking
 u - a scroll of fog {unknown}
 z - a scroll of summoning {unknown}
Potions
 d - 4 potions of curing
 e - 3 potions of haste
 i - a potion of flight
 o - 4 potions of cancellation {unknown}
 v - a potion of resistance {unknown}
 x - a potion of mutation {unknown}
 A - a potion of heal wounds
 E - a potion of agility
Books
 a - a book of Callings

   Spells                             Type                      Level
   a - Summon Small Mammal            Summoning                    1
   b - Call Imp                       Summoning                    2
   c - Call Canine Familiar           Summoning                    3
   d - Summon Guardian Golem          Hexes/Summoning              3
   e - Summon Lightning Spire         Summoning/Air                4
   f - Summon Ice Beast               Ice/Summoning                4
Comestibles
 f - 17 rations


   Skills:
 - Level 4.8 Fighting
 - Level 1.7 Dodging
 - Level 1.7 Stealth
 + Level 3.9 Shields
 - Level 4.3 Spellcasting
 - Level 8.1 Summonings
 - Level 7.0 Ice Magic


You had 8 spell levels left.
You knew the following spells:

 Your Spells              Type           Power        Failure   Level  Hunger
a - Summon Small Mammal   Summ           ####         1%          1    None
b - Call Canine Familiar  Summ           #####...     1%          3    ##.....
c - Summon Ice Beast      Ice/Summ       #####...     3%          4    ####...


Dungeon Overview and Level Annotations

Branches:
Dungeon (9/15)             Temple (0/1) D:6
   Lair: D:8-11         Orc: D:9-12

Altars:
Ashenzari
Elyvilon
Fedhas
Kikubaaqudgha
Okawaru
Wu Jian
Yredelemnul
The Shining One

Shops:
D:5 ?   D:6 ??*?

Annotations:
D:4 tidbits's ghost, amateur GnTm
D:9 Pikel


Innate Abilities, Weirdness & Mutations

You can breathe blasts of scalding, opaque steam.
Your pale cyan-grey scales are hard. (AC +7)
You cannot fit into any form of body armour.
You are cold-blooded and may be slowed by cold attacks.


Message History

Your ice beast hits the slave but does no damage.
The slave hits your ice beast. Something barely misses your ice beast.
You feel better.
Your ice beast completely misses the slave.
The slave hits your ice beast.
Your ice beast dies!
You block Pikel's attack.
Okay, then.
A red film seems to cover your vision as you go berserk!
You feel yourself moving faster!
You feel mighty!
You feel like a meek peon again. Pikel closely misses you.
You closely miss Pikel.
Pikel is heavily wounded.
Pikel hits you with a whip of electrocution!
* * * LOW HITPOINT WARNING * * *
You hit Pikel but do no damage.
Pikel is heavily wounded.
Pikel hits you but does no damage.
You are electrocuted!
You die...

..##............).........
.#
#..................###.. .
#.........<.....#### .
#..............##
............([.#
........####p# ####...##
#p# #### ###K# #.@.# #####


You could see Pikel and 2 slaves.

Vanquished Creatures
  Duvessa (D:5)
  A wolf (D:8)
  A centaur (D:5)
  A big kobold (D:8)
  A bullfrog (D:6)
  Dowan (D:5)
  A howler monkey (D:7)
  A crimson imp (D:8)
  2 jellies (D:8)
  2 orc priests
  2 iguanas
  2 orc wizards
  A worker ant zombie (D:6)
  4 adders
  A shadow imp (D:6)
  An adder skeleton (D:7)
  2 worms
  2 dart slugs (D:2)
  2 leopard geckos
  10 orcs
  3 giant cockroaches
  4 goblins
  4 hobgoblins
  4 jackals
  A quokka (D:3)
  A ball python skeleton (D:5)
  9 bats
  5 frilled lizards
  A jackal zombie (D:5)
  7 kobolds
  A leopard gecko skeleton (D:4)
  10 rats
89 creatures vanquished.

Vanquished Creatures (collateral kills)
  The ghost of RitorJet the Grappler, a novice TrMo of Yredelemnul (D:8)
  The ghost of VLARC the Destroyer, a novice DrCj of Sif Muna (D:6)
  Prince Ribbit (D:8)
  Grum (D:8)
  Edmund (D:5)
  Menkaure (D:5)
  2 sky beasts
  An orc warrior (D:7)
  2 slaves (D:9)
  4 ogres
  A centaur (D:7)
  2 wolves (D:8)
  A big kobold (D:9)
  A bullfrog (D:6)
  2 howler monkeys (D:7)
  3 crimson imps
  3 hounds
  3 orc priests
  3 orc wizards
  An iguana (D:5)
  A worker ant (D:5)
  A worker ant zombie (D:5)
  3 gnolls
  3 adders
  A shadow imp (D:7)
  7 orcs
  3 goblins
  2 hobgoblins (D:1)
  2 jackals (D:5)
  7 kobolds
  A bat (D:2)
  A frilled lizard (D:3)
67 creatures vanquished.

Grand Total: 156 creatures vanquished

Notes
Turn   | Place    | Note
-------+----------+-------------------------------------------
     0 | D:1      | VLARC the Draconian Summoner began the quest for the Orb.
     0 | D:1      | Reached XP level 1. HP: 14/14 MP: 3/3
   269 | D:1      | Reached XP level 2. HP: 16/20 MP: 5/5
  1162 | D:1      | Reached skill level 5 in Summonings
  1162 | D:1      | Reached XP level 3. HP: 11/26 MP: 2/6
  1169 | D:1      | Learned a level 3 spell: Call Canine Familiar
  1964 | D:2      | Reached XP level 4. HP: 33/33 MP: 4/7
  2137 | D:2      | Found a blossoming altar of Fedhas.
  2316 | D:3      | Found an iron altar of Okawaru.
  2340 | D:3      | Became a worshipper of Warmaster Okawaru
  2620 | D:3      | Found a basalt altar of Yredelemnul.
  2962 | D:3      | Reached skill level 6 in Summonings
  3018 | D:3      | Found a glowing golden altar of the Shining One.
  3190 | D:3      | Found a white marble altar of Elyvilon.
  3282 | D:3      | Found an ancient bone altar of Kikubaaqudgha.
  3288 | D:3      | Found an ornate altar of the Wu Jian Council.
  3400 | D:4      | Noticed an ogre
  3412 | D:4      | Killed an ogre
  3412 | D:4      | Reached XP level 5. HP: 38/38 MP: 3/8
  3469 | D:4      | Learned a level 4 spell: Summon Ice Beast
  3553 | D:4      | Noticed tidbits's ghost (amateur GnTm)
  3710 | D:4      | Reached skill level 7 in Summonings
  3740 | D:4      | Reached * piety under Okawaru
  3779 | D:5      | Entered Level 5 of the Dungeon
  3792 | D:5      | Found Hocoupe's Magic Scroll Shoppe.
  3799 | D:5      | Bought a scroll of magic mapping for 45 gold pieces
  3799 | D:5      | Bought a scroll of identify for 26 gold pieces
  3799 | D:5      | Bought a scroll of identify for 26 gold pieces
  3846 | D:5      | Reached XP level 6. HP: 33/45 MP: 9/9
  4040 | D:5      | Noticed Menkaure
  4055 | D:5      | Killed Menkaure
  4346 | D:5      | Noticed a sky beast
  4366 | D:5      | Killed a sky beast
  4366 | D:5      | Reached skill level 8 in Summonings
  4571 | D:5      | Noticed Edmund
  4591 | D:5      | Killed Edmund
  4591 | D:5      | Your scales start taking on a pale cyan-grey colour.
  4591 | D:5      | Reached XP level 7. HP: 20/50 MP: 5/10
  4990 | D:5      | Noticed Duvessa
  4990 | D:5      | Noticed Dowan
  5005 | D:5      | Killed Dowan
  5007 | D:5      | Killed Duvessa
  5007 | D:5      | Reached ** piety under Okawaru
  5849 | D:6      | Found Qaerant's Magic Scroll Shoppe.
  5877 | D:6      | Bought a scroll of teleportation for 33 gold pieces
  5877 | D:6      | Bought a scroll of fear for 38 gold pieces
  5883 | D:6      | Found Zovirpha's Magic Scroll Boutique.
  5889 | D:6      | Reached skill level 5 in Ice Magic
  5928 | D:6      | Bought a scroll of blinking for 90 gold pieces
  5986 | D:6      | Found a staircase to the Ecumenical Temple.
  5988 | D:6      | Found Fothrastro's General Store.
  6029 | D:6      | Reached XP level 8. HP: 28/57 MP: 6/11
  6130 | D:6      | Noticed VLARC's ghost (novice DrCj)
  6142 | D:6      | Killed VLARC's ghost
  6142 | D:6      | Reached *** piety under Okawaru
  6260 | D:6      | Found Irarucud's Magic Scroll Shoppe.
  6334 | D:6      | Found an iron altar of Okawaru.
  6383 | D:6      | Found a shattered altar of Ashenzari.
  6411 | D:6      | Reached skill level 1 in Fighting
  7735 | D:8      | Noticed RitorJet's ghost (novice TrMo)
  7746 | D:8      | Killed RitorJet's ghost
  7746 | D:8      | Reached **** piety under Okawaru
  7746 | D:8      | Reached XP level 9. HP: 43/72 MP: 3/15
  7901 | D:8      | Noticed Prince Ribbit
  7913 | D:8      | Killed Prince Ribbit
  7913 | D:8      | Reached ***** piety under Okawaru
  7913 | D:8      | Reached skill level 1 in Shields
  8102 | D:8      | Noticed Grum
  8117 | D:8      | Killed Grum
  8606 | D:9      | Noticed Pikel
  8659 | D:9      | Slain by Pikel

Skill      XL: |  1  2  3  4  5  6  7  8  9 |
---------------+----------------------------+-----
Summonings     | 5 6 7 8 |  8.1
Ice Magic      | 2 5 7 |  7.0
Fighting       | 4 |  4.8
Spellcasting   | 4 |  4.3
Shields        | 3 |  3.9
Dodging        | |  1.7
Stealth        | |  1.7

Action                   |  1- 3 |  4- 6 |  7- 9 || total
-------------------------+-------+-------+-------++-------
Melee: Unarmed           |    76 |       |       ||    76
       Tailslap          |    15 |    14 |    15 ||    44
       Whip              |    30 |       |       ||    30
       Rapier            |    14 |       |       ||    14
       Short sword       |    27 |   114 |   144 ||   285
       Flail             |       |       |    66 ||    66
       Long sword        |       |       |     5 ||     5
 Cast: Summon Small Mamm |     8 |     4 |     1 ||    13
       Call Canine Famil |     2 |    13 |    18 ||    33
       Summon Ice Beast  |       |       |    25 ||    25
Invok: Heroism           |       |       |     1 ||     1
 Abil: Breathe Steam     |       |       |     1 ||     1
  Use: Scroll            |       |    10 |     1 ||    11
       Potion            |       |     1 |     6 ||     7
 Stab: Sleeping          |     3 |     1 |       ||     4
  Eat: Chunk             |     2 |     2 |    11 ||    15
       Ration            |       |     3 |     2 ||     5
Armor: Skin              |    70 |    33 |    90 ||   193
Dodge: Dodged            |   150 |    65 |   161 ||   376
Block: Buckler           |       |       |    14 ||    14
       Rpst.: Long sword |       |       |     2 ||     2
